 Dungeon Crawl Stone Soup version 0.31-a0-819-gf6de2f5ab6 (webtiles) character file.

Game seed: 12547294593294531066

318 qw the Shooter (level 6, -6/38 HPs)
             Began as a Gargoyle Hunter on Sept 23, 2023.
             Mangled by Duvessa
             ... wielding a +0 short sword
              (12 damage)
             ... on level 4 of the Dungeon.
             The game lasted 00:00:54 (2536 turns).

qw the Shooter (Gargoyle Hunter)                    Turns: 2536, Time: 00:00:55

Health: -6/38      AC:  8    Str: 15    XL:     6   Next: 45%
Magic:  6/6        EV: 18    Int:  9    God:
Gold:   245        SH:  0    Dex: 15    Spells: 5/5 levels left

rFire   + + .        Y - melded +0 shortbow (drain)
rCold   + + .        (shield currently unavailable)
rNeg    + + +        h - melded +0 ring mail
rPois   inf          e - melded +0 helmet
rElec   +            (cloak currently unavailable)
rCorr   +            (gloves currently unavailable)
SInv    .            (boots currently unavailable)
Will    .....        (amulet currently unavailable)
Stlth   ++           (ring currently unavailable)
HPRegen 0.26/turn    (ring currently unavailable)
MPRegen 0.10/turn

%: no passive effects
@: wisp-form (expiring), flying
A: insubstantial, flying, no casting, sickness immunity, AC +4, tiny, negative
energy resistance 1, (electricity resistance), torment resistance 1,
petrification resistance
a: no special abilities


You were on level 4 of the Dungeon.
You were an insubstantial wisp.
You visited 1 branch of the dungeon, and saw 4 of its levels.

You collected 245 gold pieces.


Innate Abilities, Weirdness & Mutations

You are an insubstantial wisp.
Your tiny insubstantial body is highly resistant to most damage types.
You are flying.
Your equipment is entirely melded.
You are incapable of wielding weapons or throwing items.
You cannot cast spells.
You are immune to sickness and miasma.
((Your stone body is resilient. (AC +4)))
You are immune to poison.
You resist negative energy. (rN+)
((You are resistant to electric shocks. (rElec)))
You are resistant to unholy torment.
You are immune to petrification.


   Skills:
 - Level 4.0 Fighting
 + Level 6.7 Ranged Weapons
 - Level 1.0 Armour
 - Level 1.5 Dodging
 - Level 1.1 Stealth


You had 5 spell levels left.
You didn't know any spells.
Your spell library was empty.

Inventory:

Hand Weapons
 Y - a +0 shortbow of draining (melded)
Armour
 e - a +0 helmet (melded)
 h - a +0 ring mail (melded)
Scrolls
 b - a scroll of amnesia {unknown}
Potions
 a - 2 potions of curing
 c - a potion of cancellation {unknown}
 g - a potion of enlightenment {unknown}

Dungeon Overview and Level Annotations

Branches:
Dungeon (4/15)
 Temple: D:4-7

Altars:
Ru
The Shining One

Annotations:
D:4 Duvessa


Message History

2527 ||| Stepping ~*~*~tactically~*~*~ (retreating).
Found a scroll labelled LIFOBR JUPHIK.
Dowan attacks as he pursues you! Dowan closely misses you.
Enter note:
2528 |||
Found retreat position at 1,-2 (floor) with 0 blocking monsters and 2 monsters attacking at destination at distance 2
2528 ||| Stepping ~*~*~tactically~*~*~ (retreating).
Duvessa attacks as she pursues you! Duvessa misses you.
Enter note:
2529 |||
Found retreat position at 0,-1 (floor) with 0 blocking monsters and 2 monsters attacking at destination at distance 1
2529 ||| Stepping ~*~*~tactically~*~*~ (retreating).
Found an escape hatch in the ceiling.
Your transformation is almost over.
Dowan attacks as he pursues you! Dowan hits you but does no damage.
You barely miss Dowan.
Dowan is almost dead.
Duvessa barely misses you.
Dowan points at you and mumbles some strange words.
The puff of frost hits you. You resist.
You closely miss Dowan.
Dowan is almost dead.
Duvessa hits you but does no damage. Dowan hits you with a +0 dagger.
The black bear growls angrily.
You touch Dowan but do no damage.
Dowan is almost dead.
Duvessa hits you with a +0 short sword. Dowan misses you.
You touch Dowan.
Dowan is almost dead.
Duvessa barely misses you. Dowan barely misses you.
You touch Dowan.
Dowan is almost dead.
Duvessa closely misses you.
You closely miss Dowan.
Dowan is almost dead.
Dowan closely misses you. Duvessa hits you with a +0 short sword!
You touch Dowan.
You kill Dowan!
Duvessa screams, "No!
How DARE you!"
Duvessa goes berserk!
Duvessa hits you with a +0 short sword!
You die...

...<. ..... ...?.. .......
!..... #. ........# #.(.. .
.........###... .#
........##.)#.# ###.# ##
#.......##v##.# #... #.
#.......##e)..#####.# ##.
###.$.......h.........#####..
............................
#..##............#..######
#..$#...........###.#
#...........#.%.....# .
#...##..#.####.......... #
#.<.#.#..............#....


You could see Duvessa (berserk) and a black bear.

Vanquished Creatures
  Sigmund (D:2)
  Dowan (D:4)
  Terence (D:2)
  Robin (D:2)
  4 adders
  2 worms
  2 dart slugs
  2 bats
  4 endoplasms
  2 giant cockroaches (D:2)
  14 goblins
  8 hobgoblins
  10 jackals
  4 quokkas
  3 ball pythons
  A frilled lizard (D:3)
  3 kobolds (D:1)
  8 rats
71 creatures vanquished.

Notes
Turn   | Place    | Note
-------+----------+-------------------------------------------
     0 | D:1      | qw the Gargoyle Hunter began the quest for the Orb.
     0 | D:1      | Reached XP level 1. HP: 12/12 MP: 1/1
     0 | D:1      | 0 ||| qw: Version: 0.3-a-83-gcd0e7d8
     0 | D:1      | 0 ||| qw: Game counter: 1603
     0 | D:1      | 0 ||| qw: Melee chars always use a shield: true
     0 | D:1      | 0 ||| qw: God list: Okawaru
     0 | D:1      | 0 ||| qw: Allow faded altars: false
     0 | D:1      | 0 ||| qw: Do Orc after clearing Dungeon:15 true
     0 | D:1      | 0 ||| qw: Do second Lair branch before Depths: true
     0 | D:1      | 0 ||| qw: Lair rune preference: random
     0 | D:1      | 0 ||| qw: Goals: Normal
     0 | D:1      | 0 ||| PLANNING D:1-11
   235 | D:1      | Reached XP level 2. HP: 17/17 MP: 2/2
   909 | D:1      | 909 ||| UPGRADING to +0 ring mail.
   919 | D:1      | 919 ||| DROPPING +0 leather armour.
   920 | D:1      | 920 ||| READING scroll labelled ZOKHLE HOIFYUS.
   921 | D:1      | 921 ||| READING scroll labelled CALI TEN KOO.
   922 | D:1      | 922 ||| READING scroll labelled COGOANEUHY.
   923 | D:1      | 923 ||| DRINKING 3 murky golden potions.
   924 | D:1      | 924 ||| DROPPING scroll of butterflies.
   925 | D:1      | 925 ||| DROPPING 2 potions of attraction.
   994 | D:2      | Reached skill level 1 in Armour
   994 | D:2      | Reached XP level 3. HP: 19/21 MP: 3/3
  1086 | D:2      | Noticed Sigmund
  1093 | D:2      | Killed Sigmund
  1094 | D:2      | Reached skill level 6 in Ranged Weapons
  1094 | D:2      | Reached XP level 4. HP: 17/26 MP: 4/4
  1094 | D:2      | Reached XP level 5. HP: 19/30 MP: 5/5
  1161 | D:2      | Identified the +1 dagger of Tension {spect, rC+ Dex+3}
  1468 | D:2      | Reached XP level 6. HP: 36/36 MP: 6/6
  1472 | D:2      | Reached skill level 3 in Fighting
  1480 | D:2      | Noticed Robin
  1489 | D:2      | Killed Robin
  1697 | D:2      | 1697 ||| UPGRADING to +0 helmet.
  1702 | D:2      | 1702 ||| READING scroll labelled MARAHEGEATZ.
  1705 | D:2      | 1705 ||| DRINKING 3 viscous ruby potions.
  1722 | D:3      | Noticed Terence
  1727 | D:3      | 1727 ||| STAIRDANCE
  1730 | D:2      | Killed Terence
  1821 | D:3      | Found a sacrificial altar of Ru.
  1851 | D:3      | Found a glowing golden altar of the Shining One.
  2412 | D:3      | 2412 ||| READING scroll labelled WENEIW VABONOVE.
  2413 | D:3      | 2413 ||| READING scroll labelled XELIQU IRCHODGH.
  2414 | D:3      | 2414 ||| READING scroll labelled XOPPIXKETO.
  2415 | D:3      | 2415 ||| DRINKING 3 viscous yellow potions.
  2416 | D:3      | 2416 ||| DROPPING 2 potions of brilliance.
  2508 | D:4      | Noticed Dowan
  2511 | D:4      | Noticed Duvessa
  2512 | D:4      | 2512 ||| RETREEAATING.
  2515 | D:4      | 2515 ||| STILL RETREEAATING.
  2515 | D:4      | Noticed a black bear
  2516 | D:4      | 2516 ||| STILL RETREEAATING.
  2517 | D:4      | 2517 ||| STILL RETREEAATING.
  2527 | D:4      | 2527 ||| Stepping ~*~*~tactically~*~*~ (retreating).
  2528 | D:4      | 2528 ||| Stepping ~*~*~tactically~*~*~ (retreating).
  2529 | D:4      | 2529 ||| Stepping ~*~*~tactically~*~*~ (retreating).
  2535 | D:4      | HP: 6/38 [Duvessa/+0 short sword (7)]
  2536 | D:4      | Killed Dowan
  2536 | D:4      | Mangled by Duvessa

Levels and vault maps discovered:
D:1:      sevenhm_arrival_forest_fort_small_4, layout_basic
D:2:      layout_basic, hangedman_decor_push, minmay_misc_feat_secret_circle,
          uniq_robin, uniq_sigmund
D:3:      layout_loops_cross, mainiacjoe_overflow_surrounded_room,
          nicolae_ru_the_path_less_chosen, kennysheep_minor_cross,
          minmay_misc_feat_diagonals, nicolae_houndstooth_variations,
          uniq_terence
D:4:      layout_rooms, kennysheep_generic_room_15, uniq_duvessa

Skill      XL: |  1  2  3  4  5  6 |
---------------+-------------------+-----
Armour         | 1 |  1.0
Ranged Weapons | 6 |  6.7
Fighting       | 4 |  4.0
Dodging        | |  1.5
Stealth        | |  1.1

Action                     |  1- 3 |  4- 6 || total
---------------------------+-------+-------++-------
  Melee: Unarmed           |       |    16 ||    16
   Fire: Shortbow          |    62 |   114 ||   176
    Use: Scroll            |     3 |     4 ||     7
         Potion            |     1 |     2 ||     3
 Armour: Leather armour    |     7 |       ||     7
         Ring mail         |    12 |    30 ||    42
         Skin              |       |    14 ||    14
  Dodge: Dodged            |    13 |    49 ||    62

Table legend:
 A = Non-vault XP
 B = Vault XP
 C = Vault XP percentage of total XP
 D = Non-vault monster count
 E = Vault monster count
 F = Vault count percentage of total count
                 A         B        C        D         E       F
            +---------+---------+-------+---------+---------+-------
      Total |     149 |     375 |  71.6 |      55 |      16 |  22.5
            +---------+---------+-------+---------+---------+-------
        D:1 |      26 |       0 |   0.0 |      17 |       0 |   0.0
        D:2 |      73 |     306 |  80.7 |      24 |      15 |  38.5
        D:3 |      46 |       0 |   0.0 |      13 |       0 |   0.0
        D:4 |       4 |      69 |  94.5 |       1 |       1 |  50.0
            +---------+---------+-------+---------+---------+-------
